 Dungeon Crawl Stone Soup version 0.31-a0-640-g39d97e502b (webtiles) character file.

Game seed: 9650268356486290002

372 GordonOverkill the Sneak (level 6, -6/32 HPs)
             Began as a Vine Stalker Delver on Aug 28, 2023.
             Was an Initiate of Makhleb.
             Killed by an exploding river rat (13 damage)
             ... ignited by their inner flame
             ... in a sewer.
             The game lasted 00:04:37 (1068 turns).

GordonOverkill the Sneak (Vine Stalker Delver)      Turns: 1068, Time: 00:04:38

Health: -6/32      AC: 11    Str: 16    XL:     6   Next: 71%
Magic:  0/8        EV:  5    Int: 10    God:    Makhleb [......]
Gold:   69         SH:  0    Dex: 16    Spells: 5/5 levels left

rFire   . .          .
                       - Unarmed
rCold   . . .        (no shield)
rNeg    . . .        d - +0 plate armour
rPois   .            (no helmet)
rElec   .            g - +0 cloak
rCorr   .            (no gloves)
SInv    .            (no boots)
Will    .....        (no amulet) Stlth
                     (no ring)
HPRegen 1.05/turn    (no ring)
MPRegen 0.11/turn

%: guardian spirit
@: very slow
A: fangs 2, regeneration 1, magic shield, antimagic bite, no potion heal 2
a: Renounce Religion


You were in a sewer.
You worshipped Makhleb.
Makhleb was noncommittal.
You visited 2 branches of the dungeon, and saw 5 of its levels.
You also visited: Sewer.

You collected 69 gold pieces.

Inventory:

Armour
 d - a +0 plate armour (worn)
 g - a +0 cloak (worn)
Wands
 f - a wand of digging (3)
Scrolls
 b - a scroll of fog
 c - a scroll of revelation
 h - a scroll of immolation


   Skills:
 - Level 3.0 Fighting
 + Level 1.1 Armour
 - Level 2.0 Dodging
 - Level 6.0 Stealth
 + Level 4.7 Unarmed Combat
 - Level 2.0 Invocations
 - Level 3.0 Evocations


You had 5 spell levels left.
You didn't know any spells.
Your spell library contained the following spells:

 Spells                   Type           Power      Damage    Failure   Level
 Cigotuvi's Dreadful Rot  Necr/Pois/Air  0%         N/A       100%        2
 Ignite Poison            Fire/Tmut/Pois 0%         N/A       100%        3
 Freezing Cloud           Conj/Ice/Air   0%         6-21      100%        5


Dungeon Overview and Level Annotations

Branches:
Dungeon (7/15)             Temple (1/1) D:6           Sewer (1/1)

Altars:
Ashenzari
Cheibriados
Dithmenos
Elyvilon
Fedhas
Gozag
Kikubaaqudgha
Makhleb
Nemelex Xobeh
Okawaru
Qazlal
Ru
Sif Muna
Trog
Uskayaw
Vehumet
Wu Jian
Xom
Yredelemnul
Zin
The Shining One

Annotations:
D:6 exclusion: downstairs
Temple 2 transporters


Innate Abilities, Weirdness & Mutations

You have extremely sharp teeth.
Your natural rate of healing is unusually fast.
When hurt, damage is shared between your health and your magic reserves.
Your bite disrupts and absorbs the magic of your enemies.
Potions cannot restore your health.


Message History

The river rat attacks as it pursues you!
The river rat bites you.
* * * LOW HITPOINT WARNING * * *
The river rat attacks as it pursues you!
The river rat bites you.
* * * LOW HITPOINT WARNING * * *
The river rat bites you!
* * * LOW HITPOINT WARNING * * *
The river rat bites you but does no damage.
The river rat attacks as it pursues you!
The river rat bites you but does no damage.
You aren't carrying any potions.
Unknown command.
As you read the scroll labelled ZALU VIUHEPT, it crumbles to dust.
The creatures around you are filled with an inner flame!
It was a scroll of immolation.
The river rat bites you.
* * * LOW HITPOINT WARNING * * *
The river rat bites you.
* * * LOW HITPOINT WARNING * * *
Okay, then.
The river rat bites you.
* * * LOW HITPOINT WARNING * * *
The river rat bites you but does no damage.
The river rat twitches its whiskers.
The river rat barely misses you.
The river rat attacks as it pursues you!
The river rat bites you.
* * * LOW HITPOINT WARNING * * *
Your unstable footing causes you to fumble your attack.
The river rat bites you.
* * * LOW HITPOINT WARNING * * *
The river rat barely misses you.
Your unstable footing causes you to fumble your attack.
The river rat barely misses you.
The river rat bites you but does no damage.
You punch the river rat! Makhleb accepts your kill.
The river rat explodes!
The fiery explosion engulfs you!
You die...

###############
≈≈≈≈≈≈≈≈≈≈≈≈≈≈≈
≈≈≈≈≈≈≈≈≈≈≈≈≈≈≈
≈≈≈≈≈≈≈≈≈~~...~ #
#@≈§#
#!..#########r§~#
....~.~~~~~~~h§§#
.....≈≈≈≈≈≈≈≈.≈~#
!..~~~~~~~~~~~≈~#
#!...########~≈~#
##!.# #†≈~# ###
##.≈~# ####
#~~≈~#


You could see a river rat (inner flame) and a jackal (inner flame).

Vanquished Creatures
  Sigmund (D:5)
  2 hounds (D:6)
  An iguana (D:7)
  An orc wizard (D:5)
  4 adders
  6 river rats
  2 worms
  An orc (D:5)
  2 ball pythons (D:4)
  2 jackals (Sewer)
  3 bats (Sewer)
  2 rats (D:4)
27 creatures vanquished.

Vanquished Creatures (others)
  An orc wizard (D:5)
1 creature vanquished.

Grand Total: 28 creatures vanquished

Notes
Turn   | Place    | Note
-------+----------+-------------------------------------------
     0 | D:5      | GordonOverkill the Vine Stalker Delver began the quest for
                  | the Orb.
     0 | D:5      | Reached XP level 1. HP: 11/11 MP: 2/2
    15 | D:5      | Reached XP level 2. HP: 16/16 MP: 3/3
    32 | D:5      | Noticed Sigmund
    61 | D:6      | Reached skill level 1 in Evocations
    61 | D:6      | Reached XP level 3. HP: 5/20 MP: 4/4
   384 | D:7      | Found a basalt altar of Yredelemnul.
   390 | D:7      | Found a sparkling altar of Nemelex Xobeh.
   392 | D:7      | Found a shadowy altar of Dithmenos.
   393 | D:7      | Found a stormy altar of Qazlal.
   393 | D:7      | Noticed a killer bee
   437 | D:6      | Found a staircase to the Ecumenical Temple.
   443 | Temple   | Found a transporter.
   443 | Temple   | Found a transporter.
   443 | Temple   | Found a transporter.
   443 | Temple   | Found a transporter.
   443 | Temple   | Entered the Ecumenical Temple
   459 | Temple   | Became a worshipper of Makhleb the Destroyer
   501 | D:6      | Gained mutation: Your natural rate of healing is unusually
                  | fast. [Vine Stalker growth]
   501 | D:6      | Reached XP level 4. HP: 14/24 MP: 2/5
   567 | D:6      | Noticed a bullfrog
   678 | D:7      | Reached skill level 1 in Invocations
   787 | D:5      | Killed Sigmund
   788 | D:5      | Reached XP level 5. HP: 17/28 MP: 3/7
   788 | D:5      | Reached XP level 6. HP: 20/32 MP: 3/8
   983 | D:4      | Reached skill level 1 in Armour
   991 | D:4      | Found a glowing drain.
   998 | Sewer    | Entered a sewer
  1068 | Sewer    | Killed by an exploding river rat... ignited by their inner
                  | flame

Illustrated notes

Levels and vault maps discovered:
D:4:      layout_basic, lightli_sewer_entry_pipes,
          chequers_serial_rivers_small_3, uniq_blork_the_orc
D:5:      layout_basic, wad_floor_pattern_untrapped, minmay_misc_feat_chi,
          uniq_ijyb, uniq_sigmund
D:6:      layout_gridville, minmay_temple_entry_waves,
          ebering_ghost_rock_garden, serial_shops, shop, grunt_ministairs_9,
          corexii_hall_statues_l, nicolae_kite_square_tiling_tiny, hex_large
D:7:      layout_basic, nicolae_overflow_hallway_of_the_gods, serial_shops,
          nicolae_lakefront_shop, nicolae_benzene_ring
Temple:   hellmonk_temple_divided_pantheon
Sewer:    sewer_fruit_machine

Skill      XL: |  1  2  3  4  5  6 |
---------------+-------------------+-----
Fighting       | 3 |  3.0
Dodging        | 2 |  2.0
Evocations     | 1 3 |  3.0
Unarmed Combat | 4 |  4.7
Invocations    | 2 |  2.0
Armour         | 1 |  1.1
Stealth        | |  6.0

Action                     |  1- 3 |  4- 6 || total
---------------------------+-------+-------++-------
  Melee: Unarmed           |    21 |   147 ||   168
         Bite              |     8 |    34 ||    42
         Punch             |       |     2 ||     2
  Evoke: Wand              |     8 |       ||     8
    Use: Scroll            |       |     2 ||     2
         Potion            |       |     1 ||     1
   Stab: Paralysed         |    11 |       ||    11
         Sleeping          |     2 |     2 ||     4
 Armour: Leather armour    |     4 |    17 ||    21
         Plate armour      |       |    69 ||    69
  Dodge: Dodged            |    17 |    56 ||    73

Table legend: (Time is in decaauts)
 A = Elapsed time spent in this place.
 B = Non-inter-level travel time spent in this place.
 C = Inter-level travel time spent in this place.
 D = Time resting spent in this place.
 E = Time spent auto-exploring this place.
 F = Levels seen in this place.
 G = Mean time per level.
                   A        B        C        D        E       F      G
               +--------+--------+--------+--------+--------+-----+--------+
         Total |   1076 |   1067 |      9 |    332 |      7 |   6 |  179.3 |
       Dungeon |    958 |    958 |      0 |    332 |      3 |   4 |  239.5 |
        Temple |     36 |     27 |      9 |      0 |      0 |   1 |   36.0 |
         Sewer |     81 |     81 |      0 |      0 |      4 |   1 |   81.0 |
               +--------+--------+--------+--------+--------+-----+--------+

Top non-repeatable levels by time:
     D:6: 535 daAuts
     D:5: 150 daAuts
     D:4: 149 daAuts
     D:7: 124 daAuts
   Sewer: 81 daAuts
  Temple: 36 daAuts
